omghax, neutral male scurrid Tourist ... .@W <.. omghax the Rambler Experience level: 1 Strength: 12 Dexterity: 13 Constitution: 14 Intelligence: 14 Wisdom: 9 Charisma: 13 Health: 9(9) Energy: 2(2) Def: 0 Gold: 940 Moves: 50 Dungeon seed: RnVOMU04DXv61W_h Game ID: omghax_1498614573 Your Inventory: Coins $ - 940 gold pieces Weapons a - 52 uncursed +2 darts (in quiver) Armor e - an uncursed +0 Hawaiian shirt (being worn) Comestibles b - an uncursed tin of newt meat c - 5 uncursed food rations d - an uncursed cream pie f - an uncursed fortune cookie g - an uncursed eucalyptus leaf h - an uncursed pancake i - an uncursed tripe ration Scrolls k - 3 uncursed scrolls of magic mapping l - a blessed scroll of magic mapping Potions j - 2 uncursed potions of extra healing Wands o - an uncursed wand of secret door detection (0:15) Tools m - an uncursed expensive camera (0:46) n - an uncursed credit card p - an uncursed tin opener Spells and supernatural/magical abilities: Name Level Category Fail Memory W - pray for help -- divine ? -- Your skills at the end: Miscellaneous Skills wands [Basic] Weapon Skills dart [Basic] Spellcasting Skills Final Attributes: You were devoutly aligned. You had infravision. You were very stealthy. You are dead. Voluntary challenges: You went without food. You did not adorn yourself with jewelry or accessories. You did not cause conflict. You were not invisible. You did not have reflection. You were not displaced. You were an atheist. You never hit with a wielded weapon. You were a pacifist. You did not use tools. You did not use plumbed fixtures. You did not drink any magical draughts. You were illiterate. You never genocided any monsters. You never polymorphed an object. You never changed form. You used no wishes. You never split a pudding. You never wrote Elbereth's name. You never violated your personal moral code. Dungeon overview: The Dungeons of Doom: levels 1 to 20 Level 1 a long staircase Level 2 an altar to Blind Io a long staircase Level 3 Level 4 Level 5 Level 6 Level 7 Level 8 Level 9 Level 10 Level 11 a fountain Level 12 Level 13 Level 14 Level 15 Level 16 Level 17 Level 18 Level 19 Level 20 <- You were here History has recorded: On T:1 you entered the Dungeons of Doom to retrieve the Amulet of Yendor! On T:5 you reached level 2 of The Dungeons of Doom. On T:7 you reached level 3 of The Dungeons of Doom. On T:10 you reached level 4 of The Dungeons of Doom. On T:12 you reached level 5 of The Dungeons of Doom. On T:14 you reached level 6 of The Dungeons of Doom. On T:16 you reached level 7 of The Dungeons of Doom. On T:19 you reached level 8 of The Dungeons of Doom. On T:21 you reached level 9 of The Dungeons of Doom. On T:23 you reached level 10 of The Dungeons of Doom. On T:27 you reached level 11 of The Dungeons of Doom. On T:29 you reached level 12 of The Dungeons of Doom. On T:31 you reached level 13 of The Dungeons of Doom. On T:34 you reached level 14 of The Dungeons of Doom. On T:36 you reached level 15 of The Dungeons of Doom. On T:38 you reached level 16 of The Dungeons of Doom. On T:38 you entered the Rogue tribute level. On T:40 you reached level 17 of The Dungeons of Doom. On T:43 you reached level 18 of The Dungeons of Doom. On T:45 you reached level 19 of The Dungeons of Doom. On T:49 you reached level 20 of The Dungeons of Doom. Score breakdown: Gold: 0 ( 0 points) Experience: 1 level ( 0 points) Exploration: 20 levels ( 570 points) Discoveries: 0 items ( 0 points) Variety of kills: 0 monsters ( 0 points) Major goal: (nothing yet) ( 0 points) Survival: died (score multiplied by 3) Total score: 1710 Latest messages: You dig a hole through the floor. You fall through... You start digging downward. You continue digging downward. You dig a pit in the floor. You continue digging downward. You dig a hole through the floor. You fall through... You see here 9 rocks. That command is only available in debug mode. You have no weapon equipped. You start digging downward. You continue digging downward. You dig a pit in the floor. You continue digging downward. You dig a hole through the floor. You fall through... You see here a food ration. You start digging downward. You continue digging downward. You dig a pit in the floor. The wraith touches you! Final status: Aloha omghax the Tourist, drained of life by a wraith... You died in The Dungeons of Doom on dungeon level 20 with 1710 points, and 940 pieces of gold, after 50 moves. You were level 1 with a maximum of 9 hit points when you died.